 Dungeon Sprint DCSS version 0.29.1-2-gbd0b4ee654 (webtiles) character file.

Game seed: 1518517012659290935

1285 boopmooplesden the Bludgeoner (level 8, -3/127 HPs)
             Began as a Minotaur Berserker on Nov 23, 2022.
             Was a High Priest of Trog.
             Slain by Snorg (20 damage)
             ... in the Dungeon (Sprint III: "The Ten Rune Challenge").
             The game lasted 00:02:11 (1232 turns).

boopmooplesden the Bludgeoner (Minotaur Berserker)  Turns: 1232, Time: 00:02:12

Health: -3/127     AC:  5    Str: 24    XL:     8   Next: 29%
Magic:  7/7        EV: 13    Int:  8    God:    Trog [*****.]
Gold:   40         SH:  0    Dex:  8    Spells: 7/7 levels left

rFire   . . .      SeeInvis .   b - +1 long sword (holy)
rCold   . . .      Faith    .   (no shield)
rNeg    . . .      Spirit   .   j - +0 leather armour
rPois   .          Reflect  .   (helmet restricted)
rElec   .          Harm     .   (no cloak)
rCorr   .          Rampage  .   (no gloves)
Will    .....      NoTele   +   (no boots)
Stlth   ..........              (no amulet)
HPRegen 0.31/turn               (no ring)
MPRegen 0.10/turn               (no ring)

@: berserking (expiring), very quick
A: horns 2, retaliatory headbutt, iridescent scales 1, clever 1, sense
surroundings 1
a: Renounce Religion, Berserk, Trog's Hand, Brothers in Arms


You were in the Dungeon.
You worshipped Trog.
Trog was extremely pleased with you.
You visited 1 branch You collected 40 gold pieces.

Inventory:

Hand Weapons
 a - a +0 mace
 b - a +1 long sword of holy wrath (weapon)
Armour
 j - a +0 leather armour (worn)
Scrolls
 h - a scroll of blinking
 i - 2 scrolls of immolation
Potions
 c - a potion of curing
 d - 2 potions of heal wounds
 e - a potion of haste
 f - 2 potions of magic
 g - 2 potions of berserk rage
 k - 4 potions of flight
Miscellaneous
 l - a box of beasts


   Skills:
 + Level 12.5 Fighting
 + Level 0.6 Long Blades
 + Level 15.5 Maces & Flails
 + Level 5.8 Armour
 + Level 8.0 Dodging
 + Level 1.6 Stealth


You had 7 spell levels left.
You didn't know any spells.
Your spell library was empty.

Dungeon Overview and Level Annotations

Branches:
Dungeon (1/1)

Altars:
Cheibriados
Dithmenos
Elyvilon
Fedhas
Gozag
Hepliaklqana
Kikubaaqudgha
Makhleb
Nemelex Xobeh
Okawaru
Qazlal
Ru
Sif Muna
Trog
Uskayaw
Vehumet
Wu Jian
Xom
Yredelemnul
Zin
The Shining One
Jiyva
Lugonu

Annotations:
D Snorg


Innate Abilities, Weirdness & Mutations

You have a pair of horns on your head.
You reflexively headbutt those who attack you in melee.
You are partially covered in iridescent scales. (AC +2)
Your mind is acute. (Int +4, Str/Dex -1)
You passively map a small area around you.


Message History

You start resting.
HP restored.
You start waiting.
As you open the door, it creaks loudly!
There is an open door here.
You enter the shallow water.
Moving in this stuff is going to be slow.
Snorg the Insatiable comes into view.
Snorg shouts!
A red film seems to cover your vision as you go berserk!
You feel yourself moving faster!
You feel mighty! Snorg bites you! Snorg claws you. Snorg closely misses you.
You feel a strong urge to attack something.
Snorg bites you. Snorg claws you. Snorg claws you!
You slash Snorg!
Snorg is lightly wounded.
Snorg bites you but does no damage. Snorg claws you! x2
You completely miss Snorg. Your headbutt misses Snorg.
Snorg is lightly wounded.
Snorg draws her long claws delicately across her gut.
Snorg bites you. Snorg claws you. Snorg claws you!
You slash Snorg! You headbutt Snorg!
Snorg is moderately wounded.
Snorg bites you but does no damage. Snorg claws you! x2
You slash Snorg!
Snorg is heavily wounded.
Snorg goes berserk!
You closely miss Snorg.
Snorg is heavily wounded.
Snorg closely misses you. Snorg claws you. x2
You barely miss Snorg.
Snorg is heavily wounded.
Snorg bites you! Snorg claws you!
* * * LOW HITPOINT WARNING * * *
Snorg claws you!
* * * LOW HITPOINT WARNING * * *
You closely miss Snorg.
Snorg is heavily wounded.
Snorg bites you!!
You die...

.#...#__)#._# , *
.###'#'###)## ,
.#..........# ,
.'.⌠........#,
.#...######'# *
.#.⌠.#__#...#+#####
**
.#...#__#...#.§§§~+
*
.#'###__#...#.#§§§#
.#.))#__#...'.#T@§#
,
.#___#__'...#.#§§§#
, *
▓▓▓▓▓▓▓▓▓▓▓▓▓▓▓▓▓▓▓
, ~ ,, ,,, * ~ ~+ *
* ~ ~ * * * * * * *
* * * *


You could see Snorg (berserk).

Vanquished Creatures
  A deep elf pyromancer (D)
  A shadow (D)
  A spatial vortex (D)
  A necrophage (D)
  A water elemental (D)
  A scorpion (D)
  A jelly (D)
  A wizard (D)
  A necromancer (D)
  A kobold demonologist (D)
  3 humans (D)
  An endoplasm (D)
  3 rats (D)
17 creatures vanquished.

Notes
Turn   | Place    | Note
-------+----------+-------------------------------------------
     0 | D        | boopmooplesden the Minotaur Berserker began the quest for
                  | the Orb.
     0 | D        | Reached XP level 1. HP: 19/19 MP: 0/0
     4 | D        | Reached skill level 4 in Maces & Flails
    10 | D        | Reached ** piety under Trog
    42 | D        | Reached skill level 5 in Fighting
    42 | D        | Reached skill level 5 in Maces & Flails
    42 | D        | Reached XP level 2. HP: 28/29 MP: 1/1
   261 | D        | Noticed a scorpion
   270 | D        | Killed a scorpion
   271 | D        | Reached skill level 7 in Maces & Flails
   271 | D        | Reached XP level 3. HP: 37/38 MP: 2/2
   271 | D        | Reached XP level 4. HP: 44/45 MP: 3/3
   295 | D        | Gained mutation: You have a pair of large horns on your
                  | head. [potion of mutation]
   299 | D        | Lost mutation: You have a pair of large horns on your head.
                  | [potion of mutation]
   299 | D        | Gained mutation: You are dopey. (Int -2) [potion of
                  | mutation]
   300 | D        | Lost mutation: You are dopey. (Int -2) [potion of mutation]
   300 | D        | Gained mutation: You are clumsy. (Dex -2) [potion of
                  | mutation]
   300 | D        | Lost mutation: You are clumsy. (Dex -2) [potion of
                  | mutation]
   300 | D        | Gained mutation: You are weak. (Str -2) [potion of
                  | mutation]
   301 | D        | Lost mutation: You are weak. (Str -2) [potion of mutation]
   301 | D        | Gained mutation: You passively map a small area around you.
                  | [potion of mutation]
   301 | D        | Gained mutation: You are partially covered in iridescent
                  | scales. (AC +2) [potion of mutation]
   301 | D        | Gained mutation: Your mind is acute. (Int +4, Str/Dex -1)
                  | [potion of mutation]
   411 | D        | Noticed a water elemental
   416 | D        | Killed a water elemental
   417 | D        | Reached skill level 8 in Maces & Flails
   469 | D        | Found a basalt altar of Yredelemnul.
   469 | D        | Found a shadowy altar of Dithmenos.
   469 | D        | Found a sacrificial altar of Ru.
   469 | D        | Noticed a necrophage
   473 | D        | Killed a necrophage
   473 | D        | Reached *** piety under Trog
   474 | D        | Reached skill level 10 in Maces & Flails
   474 | D        | Reached skill level 5 in Dodging
   474 | D        | Reached XP level 5. HP: 56/56 MP: 4/4
   565 | D        | Found a radiant altar of Vehumet.
   567 | D        | Found a shimmering blue altar of Sif Muna.
   567 | D        | Found an ancient bone altar of Kikubaaqudgha.
   568 | D        | Reached **** piety under Trog
   613 | D        | Found a hide-covered altar of Uskayaw.
   613 | D        | Found an iron altar of Okawaru.
   614 | D        | Found a bloodstained altar of Trog.
   614 | D        | Found an ornate altar of the Wu Jian Council.
   614 | D        | Noticed a human
   614 | D        | Noticed a human
   622 | D        | Killed a human
   623 | D        | Reached skill level 10 in Fighting
   623 | D        | Reached skill level 12 in Maces & Flails
   623 | D        | Reached skill level 5 in Armour
   623 | D        | Reached XP level 6. HP: 66/66 MP: 5/5
   631 | D        | Killed a human
   632 | D        | Reached XP level 7. HP: 57/73 MP: 6/6
   775 | D        | Found a glowing silver altar of Zin.
   776 | D        | Found a glowing golden altar of the Shining One.
   776 | D        | Found a white marble altar of Elyvilon.
   776 | D        | Noticed a deep elf pyromancer
   779 | D        | Noticed a fire elemental
   780 | D        | Killed a deep elf pyromancer
   780 | D        | Reached ***** piety under Trog
   781 | D        | Reached skill level 14 in Maces & Flails
   781 | D        | Reached skill level 1 in Stealth
   838 | D        | Noticed a shadow
   848 | D        | Reached XP level 8. HP: 25/83 MP: 7/7
   849 | D        | Reached skill level 15 in Maces & Flails
  1055 | D        | Found a blossoming altar of Fedhas.
  1055 | D        | Found a stormy altar of Qazlal.
  1099 | D        | Found a snail-covered altar of Cheibriados.
  1099 | D        | Found a burning altar of Makhleb.
  1099 | D        | Found a hazy altar of Hepliaklqana.
  1099 | D        | Found a shimmering altar of Xom.
  1099 | D        | Found an opulent altar of Gozag.
  1099 | D        | Found a sparkling altar of Nemelex Xobeh.
  1099 | D        | Found a corrupted altar of Lugonu.
  1099 | D        | Found a viscous altar of Jiyva.
  1223 | D        | Noticed Snorg
  1232 | D        | Slain by Snorg

Illustrated notes

Levels and vault maps discovered:
D:        dungeon_sprint_mu [sprint_mu_entry_forest, sprint_mu_temple_rooms,
          sprint_mu_d1_horrors, sprint_mu_d2_genie, sprint_mu_d3_branching,
          sprint_mu_orc_legion, sprint_mu_elf_gauntlet, sprint_mu_hive_nellie,
          sprint_mu_lair_fedhas, sprint_mu_vaults_butterflies,
          sprint_mu_slime_circle, sprint_mu_swamp_cave, sprint_mu_snake_twists,
          sprint_mu_blade_basic, sprint_mu_crypt_lich, sprint_mu_tomb_spiral,
          sprint_mu_vestibule_basic, sprint_mu_gehenna_hellfire,
          sprint_mu_dis_giant, sprint_mu_tartarus_statrot,
          sprint_mu_cocytus_islands, sprint_mu_zot1]

Skill      XL: |  1  2  3  4  5  6  7  8 |
---------------+-------------------------+-----
Fighting       | 5 6 8 10 12 | 12.5
Maces & Flails | 5 7 10 12 14 15 | 15.5
Armour         | 3 4 5 |  5.8
Dodging        | 3 5 6 7 8 |  8.0
Stealth        | 1 |  1.6
Long Blades    | |  0.6

Action                   |  1- 3 |  4- 6 |  7- 9 || total
-------------------------+-------+-------+-------++-------
Melee: Mace              |    21 |    29 |     3 ||    53
       Headbutt          |     1 |       |     5 ||     6
       Punch             |       |     1 |     2 ||     3
       Long sword        |       |       |    21 ||    21
Invok: Berserk           |     1 |     4 |     3 ||     8
  Use: Potion            |       |     4 |       ||     4
       Scroll            |       |     2 |       ||     2
Armor: Animal skin       |     2 |     4 |       ||     6
       Leather armour    |       |       |     3 ||     3
Dodge: Dodged            |    15 |     7 |    13 ||    35
